AoeStats
← YouMa

Black Forest

507808251Analyzed
4v4 RM · 12d ago on Sep 19, 2026· 60m 40s· 8 players
Game mode
Random Map
Map size
Large (8 player)
Population
200
Speed
Normal
Resources
Standard
Victory
Conquest
Starting age
Dark Age
Ending age
Imperial Age
RankedLock teamsTeams togetherTeam positionsShared explorationLock speedFull tech treeHidden civsTurbo modeCheats
Victory
Defeat
🇩🇪 Malay · Germany
959
+11
🇩🇪 Hindustanis · Germany
863
+14
🇩🇪 Sicilians · Germany
851
+32
🇲🇴 Persians · Macao SAR China
791
+19
🇨🇱 Bohemians · Chile
871
-16
🇲🇽 Hindustanis · Mexico
843
-15
🇲🇽 Persians · Mexico
806
-13
🇺🇸 Persians · United States
799
-13
ary_vamc97
12:23 Feudal Age
13:41 Wheelbarrow
17:21 Castle Age
15:27 Horse Collar
16:20 Double-Bit Axe
16:30 Stone Mining
18:32 Bow Saw
25:28 Hand Cart
28:53 Bloodlines
29:24 Husbandry
33:19 Imperial Age
31:30 Forging
31:25 Scale Barding Armor
32:27 Ballistics
32:37 Heavy Plow
32:41 Gold Mining
34:16 Iron Casting
34:01 Chain Barding Armor
34:26 Heavy Camel Rider
35:47 Gold Shaft Mining
35:48 Stone Shaft Mining
35:35 Grand Trunk Road
36:36 Caravan
37:06 Coinage
37:39 Blast Furnace
37:14 Plate Barding Armor
37:47 Chemistry
38:04 Two-Man Saw
37:00 Fletching
37:11 Padded Archer Armor
39:09 Banking
39:31 Plate Barding Armor
39:33 Murder Holes
39:35 Bodkin Arrow
39:41 Padded Archer Armor
40:20 Imperial Camel Rider
44:52 Onager
47:43 Elite Skirmisher
54:22 Shatagni
Rompe--Anos
0:29 Loom
13:14 Feudal Age
17:59 Castle Age
16:03 Double-Bit Axe
16:05 Horse Collar
34:42 Pikeman
37:01 Bow Saw
37:01 Scale Barding Armor
38:23 Ballistics
41:07 Imperial Age
40:58 Forging
41:08 Kamandaran
40:35 Crossbowman
42:37 Chemistry
42:03 Halberdier
43:15 Heavy Camel Rider
46:57 Thumb Ring
CALPDLeon
11:33 Feudal Age
12:24 Double-Bit Axe
13:41 Wheelbarrow
15:47 Gold Mining
15:41 Horse Collar
22:21 Castle Age
20:31 Stone Mining
23:30 Bow Saw
23:24 Heavy Plow
24:15 Gold Shaft Mining
24:15 Stone Shaft Mining
29:58 Padded Archer Armor
29:49 Fletching
31:22 Hand Cart
34:52 Imperial Age
33:40 Kamandaran
34:00 Leather Archer Armor
33:27 Crossbowman
34:12 Thumb Ring
34:33 Ballistics
34:22 Town Watch
37:06 Two-Man Saw
38:17 Conscription
38:41 Thumb Ring
45:50 Scale Barding Armor
49:16 Caravan
49:46 Coinage
50:47 Town Patrol
51:00 Bodkin Arrow
52:28 Banking
53:32 Chemistry
54:25 Elite War Elephant
58:33 Herbal Medicine
CoMarKa
0:30 Loom
14:41 Feudal Age
16:04 Double-Bit Axe
17:08 Horse Collar
24:44 Castle Age
25:44 Pikeman
38:53 Bow Saw
41:31 Town Watch
42:25 Wheelbarrow
42:58 Chemistry
42:39 Treadmill Crane
48:58 Imperial Age
51:08 Two-Man Saw
51:20 Hand Cart
Oligodentrocyt[Mu$ho]
13:33 Feudal Age
19:03 Castle Age
23:19 Husbandry
24:09 Scale Barding Armor
25:55 Forging
31:43 Iron Casting
34:18 Double-Bit Axe
37:59 Wheelbarrow
39:49 Stone Mining
40:02 Man-at-Arms
41:03 Bow Saw
40:48 Gold Mining
44:06 Gold Shaft Mining
43:49 Horse Collar
44:44 Long Swordsman
47:03 Heavy Plow
50:38 Imperial Age
48:35 Hand Cart
49:23 Onager
50:17 Elite Battle Elephant
52:06 Blast Furnace
61:10 Stone Shaft Mining
60:32 Two-Handed Swordsman
YouMa
6:17 Loom
12:39 Feudal Age
16:51 Castle Age
16:31 Double-Bit Axe
17:53 Horse Collar
21:32 Bow Saw
24:14 Gold Mining
30:10 Imperial Age
28:08 Heavy Plow
29:58 Gold Shaft Mining
31:51 Chemistry
36:56 Wheelbarrow
37:41 Onager
39:04 Shatagni
39:05 Grand Trunk Road
46:01 Ballistics
45:47 Siege Engineers
48:38 Hand Cart
54:59 Caravan
细GG
14:53 Feudal Age
18:55 Castle Age
18:32 Double-Bit Axe
23:03 Horse Collar
27:00 Bow Saw
28:18 Heavy Plow
28:21 Loom
29:34 Stone Mining
30:57 Gold Mining
32:14 Wheelbarrow
37:05 Imperial Age
35:25 Stone Shaft Mining
35:38 Gold Shaft Mining
35:01 Crossbowman
36:13 Kamandaran
37:52 Conscription
37:34 Fletching
38:49 Chemistry
39:09 Thumb Ring
38:52 Pikeman
41:08 Hand Cart
41:06 Bodkin Arrow
41:21 Forging
41:17 Scale Barding Armor
41:12 Scale Mail Armor
41:13 Padded Archer Armor
43:04 Two-Man Saw
47:24 Halberdier
48:04 Squires
48:44 Iron Casting
48:24 Chain Mail Armor
48:29 Chain Barding Armor
48:25 Leather Archer Armor
51:03 Light Cavalry
51:56 Bloodlines
51:48 Husbandry
52:38 Plate Barding Armor
52:33 Plate Mail Armor
53:04 Blast Furnace
52:47 Coinage
52:28 Guilds
52:18 Caravan
53:36 Hussar
56:13 Ring Archer Armor
56:08 Ballistics
55:44 Murder Holes
56:07 Masonry
57:33 Banking
Ulan
1:29 Loom
13:46 Feudal Age
14:51 Gold Mining
14:55 Horse Collar
16:19 Wheelbarrow
16:01 Double-Bit Axe
19:41 Forging
22:38 Scale Mail Armor
28:33 Castle Age
32:04 Pikeman
35:38 Imperial Age
33:31 Hand Cart
33:12 Stone Mining
34:12 Iron Casting
34:16 Town Watch
35:55 Fletching
36:10 Heavy Plow
37:58 Elite Serjeant
38:09 Halberdier
41:33 Chain Mail Armor
42:18 Blast Furnace
41:14 Bodkin Arrow
41:20 Padded Archer Armor
42:52 Crop Rotation
42:59 Plate Mail Armor
44:07 Town Patrol
44:10 Murder Holes
44:29 Bow Saw
47:37 Elite Skirmisher
52:57 Conscription
59:01 First Crusade
Connection lost

Rejoining the realm…

Still unreachable

The connection could not be restored.

Session expired

The server has moved on; the page needs a fresh start.